 Dungeon Crawl Stone Soup version 0.25.1-2-g60ff931df9 (webtiles) character file.

Game seed: 12423099761219409851

13017 BroShek the Martial Artist (level 12, -3/98 HPs)
             Began as an Octopode Transmuter on Nov 10, 2020.
             Was a Believer of Ashenzari.
             Slain by a skeletal warrior
             ... wielding a +0 glaive
             ... led by a skeletal warrior
              (18 damage)
             ... on level 11 of the Dungeon.
             The game lasted 01:32:49 (12196 turns).

BroShek the Martial Artist (Octopode Transmuter)   Turns: 12196, Time: 01:32:50

Health: -3/98      AC:  6    Str: 12    XL:     12   Next: 1%
Magic:  11/23      EV: 19    Int: 18    God:    Ashenzari [**....]
Gold:   813        SH:  0    Dex: 18    Spells: 3/26 levels left

rFire    x . .     SeeInvis .     - Unarmed
rCold    + + +     Gourm    .   (shield currently unavailable)
rNeg     . . .     Faith    .   (helmet currently unavailable)
rPois    +         Spirit   .   u - amulet of regeneration
rElec    .         Reflect  .   d - +4 ring of evasion (curse)
rCorr    .         Harm     .   m - +6 ring of dexterity (curse)
MR       .....                  x - ring of poison resistance
Stlth    ++........             E - ring of protection from cold (curse)
HPRegen  0.66/turn              (no ring)
MPRegen  0.18/turn              (no ring)
                                (no ring)
                                (no ring)

@: ice-form
A: large, almost no armour, stealthy swim, amphibious, 8 rings, (constrict 8)
a: End Transformation, Curse Item, Scrying, Renounce Religion


You were on level 11 of the Dungeon.
You worshipped Ashenzari.
Ashenzari was pleased with you.
You were hungry.
You were a creature of crystalline ice.
You visited 2 branches of the dungeon, and saw 12 of its levels.

You collected 813 gold pieces.

Inventory:

Missiles
 a - 236 arrows
Jewellery
 d - a cursed +4 ring of evasion (left front paw)
 m - a cursed +6 ring of dexterity (right front paw)
 u - an amulet of regeneration (around neck)
 x - a ring of poison resistance (on tentacle)
 E - a cursed ring of protection from cold (on tentacle)
Wands
 q - a wand of flame (15)
 w - a wand of polymorph (7)
 y - a wand of acid (9)
Scrolls
 b - 4 scrolls of magic mapping
 e - 2 scrolls of fog
 l - a scroll of identify
 r - a scroll of random uselessness {unknown}
 v - a scroll of teleportation
 z - 3 scrolls of amnesia
 A - 2 scrolls of enchant weapon
 G - a scroll of enchant armour {unknown}
 I - a scroll of remove curse
Potions
 f - a potion of mutation {unknown}
 g - 3 potions of haste
 h - a potion of degeneration {unknown}
 j - 2 potions of berserk rage {unknown}
 k - a potion of stabbing {unknown}
 n - 2 potions of ambrosia
 o - 2 potions of flight
 p - 2 potions of magic {unknown}
 s - 4 potions of curing
 t - 2 potions of lignification
 C - a potion of heal wounds {unknown}
 F - a potion of brilliance {unknown}
 H - a potion of invisibility {unknown}
Miscellaneous
 D - a phial of floods
Comestibles
 c - 28 rations


   Skills:
 + Level 7.9 Fighting
 + Level 8.1 Dodging
 + Level 8.5 Unarmed Combat
 - Level 7.5 Spellcasting
 - Level 4.0 Summonings
 + Level 8.2 Transmutations
 - Level 5.0 Ice Magic
 - Level 3.0 Poison Magic


You had 3 spell levels left.
You knew the following spells:

 Your Spells              Type           Power        Failure   Level  Hunger
a - Beastly Appendage     Tmut           #####.       1%          1    None
b - Sticks to Snakes      Tmut           #####...     1%          2    None
c - Spider Form           Tmut/Pois      ####......   3%          3    #......
d - Ensorcelled Hibernat  Hex/Ice        ###...       5%          2    None
e - Call Imp              Summ           ###.....     3%          2    None
f - Ice Form              Ice/Tmut       ####....     7%          4    ###....
g - Summon Ice Beast      Ice/Summ       ###.....     16%         4    ###....
h - Blade Hands           Tmut           #####.....   10%         5    #####..

Your spell library contained the following spells:

 Spells                   Type           Power        Failure   Level  Hunger
 Summon Small Mammal      Summ           ###.         1%          1    None
 Call Canine Familiar     Summ           ###.....     6%          3    #......
 Corona                   Hex            #......      11%         1    None
 Foxfire                  Conj/Fire      #...         11%         1    None
 Magic Dart               Conj           #...         11%         1    None
 Summon Guardian Golem    Hex/Summ       ##......     14%         3    #......
 Blink                    Tloc           N/A          16%         2    None
 Searing Ray              Conj           #.....       16%         2    None
 Slow                     Hex            #.......     16%         2    None
 Mephitic Cloud           Conj/Pois/Air  ##......     21%         3    #......
 Confusing Touch          Hex            #.......     30%         3    #......
 Conjure Flame            Conj/Fire      #.......     30%         3    #......
 Dazzling Flash           Conj/Hex       #.....       30%         3    #......
 Inner Flame              Hex/Fire       #.......     30%         3    #......
 Tukima's Dance           Hex            #.......     30%         3    #......
 Summon Lightning Spire   Summ/Air       ##......     41%         4    ###....
 Fulminant Prism          Conj/Hex       #.........   71%         4    ###....
 Iskenderun's Mystic Bla  Conj/Tloc      #.......     71%         4    ###....
 Sticky Flame             Conj/Fire      #.......     71%         4    ###....
 Fireball                 Conj/Fire      #.........   96%         5    #####..


Dungeon Overview and Level Annotations

Branches:
Dungeon (11/15)            Temple (1/1) D:5            Lair (0/6) D:11
    Orc (0/2) D:11

Altars:
Ashenzari
Cheibriados
Dithmenos
Elyvilon
Fedhas
Gozag
Hepliaklqana
Kikubaaqudgha
Nemelex Xobeh
Okawaru
Qazlal
Ru
Wu Jian
Xom
Yredelemnul

Annotations:
D:10 3 runed translucent doors, SpoonFarmer's ghost, journeyman HuCj
D:11 2 runed translucent doors, Yphutt's ghost, journeyman GnSk


Innate Abilities, Weirdness & Mutations

You cannot wear most types of armour.
You are very stealthy in the water. (Stealth+)
You are amphibious.
You can wear up to eight rings at the same time.
((You can use your tentacles to constrict eight enemies at once.))
((Your skin changes colour to match your surroundings (Stealth+).))
((Your rubbery body absorbs attacks. (AC +1, EV +1)))


Message History

The orc priest hits you but does no damage.
The centaur shoots an arrow.
The arrow misses you.
Okay, then.
The centaur shoots an arrow.
The arrow barely misses you. The skeletal warrior barely misses you.
Your ice beast hits the skeletal warrior but does no damage.
You see here an arrow.
Your ice beast hits the skeletal warrior but does no damage.
The orc priest mumbles some strange prayers to Beogh against you.
Beogh smites you!
* * * LOW HITPOINT WARNING * * *
The skeletal warrior closely misses you.
Items here: $ ( ) [ a +0 trident of protection; 5 stones; a +0 ring mail; 19 gold pieces The centaur shoots an arrow.
The arrow hits your ice beast.
Your ice beast hits the skeletal warrior but does no damage.
The orc priest looks satisfied for a moment.
Found an uncursed cloak.
The skeletal warrior hits you from afar with a +0 glaive!!
You die...

.###.....#### *##.[. *
............#####.....# * ,
..............##...)....
..............#.........
........................ ,
........)..)........>.....o
,
........((((.)z.5......P.H.
,
.........[).({#...........
.........>..{(##Y........
..........).(o####$....####
,
......(...).$..............
..........((...............
,
.......c..(........<.......
##...#....########.........
.....#.....#, , #o........
.... #.....#, , ,8.....####
...#*#.....#,,


oo....... You could see a skeletal warrior and a quasit.

Vanquished Creatures
  2 two-headed ogres
  2 manticores (D:11)
  An ugly thing (D:10)
  An ice statue (D:9)
  A nameless horror (D:9)
  A troll (D:10)
  3 hippogriffs
  A wyvern (D:8)
  Eustachio (D:6)
  A human (D:8)
  A steam dragon (D:10)
  3 hogs (D:8)
  16 yaks
  Menkaure (D:6)
  2 wargs
  A water moccasin (D:7)
  8 orc warriors
  A sky beast (D:9)
  A black bear (D:11)
  2 ice beasts
  7 ogres
  2 phantoms
  3 centaurs
  A crocodile (D:10)
  A big kobold (D:10)
  Blork the orc (D:5)
  3 bullfrogs
  A wyvern zombie (D:6)
  2 jellies
  A wyvern skeleton (D:9)
  2 scorpions
  A water moccasin skeleton (D:4)
  9 howler monkeys
  12 wights
  A crimson imp (D:10)
  3 hounds
  2 bullfrog zombies
  19 orc wizards
  10 orc priests
  2 centaur skeletons
  2 bullfrog skeletons (D:9)
  2 iguanas (D:9)
  7 worker ants
  A hound zombie (D:7)
  Robin (D:4)
  A worker ant zombie (D:10)
  11 adders
  6 shadow imps
  2 oozes
  An adder skeleton (D:10)
  2 worms
  A dart slug (D:1)
  3 leopard geckos
  89 orcs
  A ball python (D:2)
  2 giant cockroaches
  9 goblins
  11 hobgoblins
  3 jackals
  11 kobolds
  A quokka (D:8)
  2 bats
  3 frilled lizards
  A leopard gecko skeleton (D:4)
  6 rats
312 creatures vanquished.

Vanquished Creatures (collateral kills)
  A two-headed ogre (D:10)
  2 trolls
  A hornet (D:11)
  A hungry ghost (D:7)
  2 howler monkeys (D:9)
  A crimson imp (D:10)
  A hound (D:9)
  3 orc wizards
  An adder (D:11)
  6 orcs
  A jackal (D:9)
  A kobold (D:3)
21 creatures vanquished.

Vanquished Creatures (others)
  A fungus (D:10)
  3 plants (D:10)
4 creatures vanquished.

Grand Total: 337 creatures vanquished

Notes
Turn   | Place    | Note
-------+----------+-------------------------------------------
     0 | D:1      | BroShek the Octopode Transmuter began the quest for the
                  | Orb.
     0 | D:1      | Reached XP level 1. HP: 13/13 MP: 3/3
   393 | D:1      | Reached XP level 2. HP: 12/18 MP: 3/5
   696 | D:1      | Learned a level 2 spell: Sticks to Snakes
   948 | D:2      | Reached XP level 3. HP: 23/23 MP: 4/6
   961 | D:2      | Learned a level 3 spell: Spider Form
  1883 | D:3      | Reached skill level 1 in Poison Magic
  1883 | D:3      | Reached XP level 4. HP: 27/29 MP: 5/7
  2352 | D:3      | Reached XP level 5. HP: 34/34 MP: 5/8
  2413 | D:3      | Found a stormy altar of Qazlal.
  2494 | D:3      | Noticed a centaur
  2807 | D:3      | Killed a centaur
  3145 | D:4      | Reached XP level 6. HP: 30/39 MP: 10/10
  3432 | D:4      | Learned a level 2 spell: Ensorcelled Hibernation
  3531 | D:4      | Noticed Robin
  3545 | D:4      | Killed Robin
  3557 | D:4      | Learned a level 2 spell: Call Imp
  3755 | D:5      | Entered Level 5 of the Dungeon
  3805 | D:5      | Reached skill level 1 in Ice Magic
  3805 | D:5      | Reached XP level 7. HP: 45/45 MP: 8/12
  3847 | D:5      | Noticed a hornet
  4344 | D:5      | Noticed Blork the orc
  4463 | D:5      | Killed Blork the orc
  4780 | D:5      | Found a staircase to the Ecumenical Temple.
  4794 | Temple   | Entered the Ecumenical Temple
  4831 | Temple   | Became a worshipper of Ashenzari the Shackled
  4918 | D:5      | Reached XP level 8. HP: 52/52 MP: 8/13
  5357 | D:6      | Noticed Menkaure
  5371 | D:6      | Killed Menkaure
  5373 | D:6      | Reached skill level 5 in Unarmed Combat
  5705 | D:6      | Noticed Eustachio
  6089 | D:6      | Killed Eustachio
  6409 | D:6      | Learned a level 4 spell: Ice Form
  6455 | D:7      | Reached * piety under Ashenzari
  6519 | D:7      | Found a sacrificial altar of Ru.
  6777 | D:7      | Noticed a hippogriff
  6821 | D:7      | Killed a hippogriff
  6821 | D:7      | Reached skill level 5 in Transmutations
  6821 | D:7      | Reached XP level 9. HP: 53/59 MP: 4/16
  6955 | D:7      | Reached skill level 5 in Dodging
  7100 | D:7      | Reached skill level 5 in Spellcasting
  7397 | D:7      | Learned a level 4 spell: Summon Ice Beast
  7813 | D:8      | Reached ** piety under Ashenzari
  7889 | D:8      | Reached skill level 5 in Fighting
  7892 | D:8      | Reached skill level 1 in Summonings
  7976 | D:8      | Noticed a two-headed ogre
  8006 | D:8      | Killed a two-headed ogre
  8256 | D:8      | Reached XP level 10. HP: 57/66 MP: 13/18
  8596 | D:9      | Noticed a two-headed ogre
  8619 | D:9      | Killed a two-headed ogre
  8936 | D:9      | Reached XP level 11. HP: 21/74 MP: 16/20
  8952 | D:9      | Learned a level 5 spell: Blade Hands
  9668 | D:10     | Entered Level 10 of the Dungeon
 10261 | D:10     | Noticed a two-headed ogre
 10272 | D:10     | Killed a two-headed ogre
 10418 | D:10     | Found a runed translucent gate.
 10418 | D:10     | Found a runed translucent gate.
 10418 | D:10     | Found a runed translucent gate.
 10419 | D:10     | Noticed SpoonFarmer's ghost (journeyman HuCj)
 10422 | D:10     | Identified the cursed +0 dagger of Disorder {pain, +Rage
                  | rPois rF+ MP+9}
 10606 | D:11     | Found a staircase to the Lair.
 10606 | D:11     | Noticed a manticore
 11178 | D:11     | Reached *** piety under Ashenzari
 11420 | D:11     | Found a runed translucent door.
 11421 | D:11     | Noticed a necromancer
 11423 | D:11     | Found a runed translucent door.
 11426 | D:11     | Noticed a deep troll earth mage
 11426 | D:11     | Noticed a stone giant
 11428 | D:11     | Noticed a deep elf mage
 11428 | D:11     | Noticed Yphutt's ghost (journeyman GnSk)
 11432 | D:11     | Noticed a lich
 11446 | D:11     | Noticed a manticore
 11499 | D:11     | Noticed a cyan ugly thing
 11508 | D:11     | Killed a manticore
 11574 | D:11     | Noticed a skeletal warrior
 11589 | D:11     | HP: 2/91 [cyan ugly thing (17)]
 11729 | D:10     | Reached skill level 5 in Ice Magic
 11735 | D:10     | Killed a cyan ugly thing
 11960 | D:10     | Noticed a nameless horror
 12011 | D:9      | Killed a nameless horror
 12162 | D:11     | Killed a manticore
 12162 | D:11     | Reached XP level 12. HP: 79/82 MP: 11/23
 12196 | D:11     | Slain by a skeletal warrior

Illustrated notes

Levels and vault maps discovered:
D:1:      dpeg_arrival_shelter, layout_basic
D:2:      layout_loops_ring, kennysheep_cross_room
D:3:      layout_basic, nicolae_qazlal_eye_of_the_storm
D:4:      layout_basic, first_ration, uniq_robin
D:5:      layout_basic, minmay_temple_entry_crystal_x, serial_bayou_ford_a,
          minmay_pentangle, uniq_blork_the_orc
D:6:      layout_gridville, minmay_misc_feat_iff, kennysheep_generic_room_9,
          uniq_menkaure, uniq_eustachio
D:7:      layout_gridville, nicolae_ru_awakened_eye
D:8:      layout_gridville, grunt_livestock, hangedman_decor_slide_cut
D:9:      lemuel_ice_statue, layout_basic, special_room [special_room_orc]
D:10:     layout_basic, gammafunk_ghost_nasty_kobolds
D:11:     hangedman_cross_stitches, layout_cross, erik_lair_orcish_takeover,
          david_orc_5, muffindrake_ghost_dual_entry, grunt_ministairs_1
Temple:   regret_index_temple_sigil_plot

Skill      XL: |  1  2  3  4  5  6  7  8  9 10 11 |
---------------+----------------------------------+-----
Poison Magic   | 1 2 3 |  3.0
Fighting       | 2 3 4 5 6 7 |  7.9
Dodging        | 3 4 5 7 8 |  8.1
Transmutations | 3 4 5 6 7 8 |  8.2
Spellcasting   | 3 4 5 6 7 |  7.5
Unarmed Combat | 4 5 6 7 8 |  8.5
Ice Magic      | 1 2 3 5 |  5.0
Summonings     | 2 4 |  4.0

Action                   |  1- 3 |  4- 6 |  7- 9 | 10-12 || total
-------------------------+-------+-------+-------+-------++-------
Melee: Unarmed           |    73 |   105 |   298 |   564 ||  1040
       Tentacles         |    13 |    11 |    24 |     7 ||    55
       Constrict         |    19 |    15 |    20 |     8 ||    62
       Kick              |     9 |    12 |    17 |     6 ||    44
       Punch             |       |     1 |     4 |     2 ||     7
 Cast: Beastly Appendage |    13 |    10 |     6 |     2 ||    31
       Spider Form       |       |     6 |    30 |    27 ||    63
       Sticks to Snakes  |       |     4 |     4 |       ||     8
       Call Imp          |       |       |    31 |    12 ||    43
       Ensorcelled Hiber |       |       |     6 |     2 ||     8
       Ice Form          |       |       |     2 |    17 ||    19
       Summon Ice Beast  |       |       |       |    26 ||    26
Invok: Curse Item        |       |       |     2 |     1 ||     3
  Use: Scroll            |       |     5 |     2 |    11 ||    18
       Potion            |       |     1 |       |       ||     1
 Stab: Sleeping          |     5 |       |     5 |     1 ||    11
       Distracted        |       |       |     1 |     1 ||     2
  Eat: Chunk             |     3 |     7 |    14 |    21 ||    45
       Ration            |       |       |     2 |       ||     2
Armor: Skin              |     3 |     2 |     7 |    42 ||    54
Dodge: Dodged            |    31 |    59 |   250 |   521 ||   861
